NYP
TRI-CITY VALLEYCATS @ SPOKANE INDIANS
05/27/2045
 
TOP OF THE 1ST
Tri-City ValleyCats batting - Pitching for Spokane Indians : RHP Bill Tindall
Pitching: RHP Bill Tindall
Batting: RHB Chris McGrath 0-0: Ball
1-0: Ball
2-0: Fly out, F8 (Flyball, 8RXD, EV 91.2 MPH)
Batting: LHB Josh Birkner 0-0: Called Strike
0-1: Foul Ball, location: 2F
0-2: Ball
1-2: Ball
2-2: SINGLE (Groundball, 6MD, EV 94.4 MPH)
Batting: LHB Mark Dearth 0-0: Called Strike
0-1: Ball
1-1: Ball
2-1: Ball
3-1: Swinging Strike
3-2: Strikes out swinging
Batting: RHB Sam Spohn 0-0: Called Strike
0-1: Called Strike
0-2: Foul Ball, location: 2F
0-2: Ball
1-2: Foul Ball, location: 2F
1-2: Strikes out swinging
Top of the 1st over - 0 runs, 1 hit, 0 errors, 1 left on base; Tri-City 0 - Spokane 0
BOTTOM OF THE 1ST
Spokane Indians batting - Pitching for Tri-City ValleyCats : RHP Jaquan Alston
Pitching: RHP Jaquan Alston
Batting: LHB Jose Baez 0-0: Ball
1-0: Fly out, F6 (Flyball, 6D, EV 82.5 MPH)
Batting: LHB Alfonso Collazo 0-0: Swinging Strike
0-1: Fly out, F5 (Popup, 5S, EV 81.2 MPH)
Batting: SHB Kaname Fujimoto 0-0: Ball
1-0: Ball
2-0: Ball
3-0: Called Strike
3-1: Called Strike
3-2: Base on Balls
Batting: RHB Dale Aubrey 0-0: Ball
Kaname Fujimoto steals 2nd base
1-0: Ground out 5-3 (Groundball, 5, EV 79.4 MPH)
Bottom of the 1st over - 0 runs, 0 hits, 0 errors, 1 left on base; Tri-City 0 - Spokane 0
TOP OF THE 2ND
Tri-City ValleyCats batting - Pitching for Spokane Indians : RHP Bill Tindall
Batting: RHB Bobby Dunn 0-0: Foul Ball, location: 2F
0-1: Foul Ball, location: 2F
0-2: Ball
1-2: Strikes out swinging
Batting: RHB Ryan Salas 0-0: Foul Ball, location: 2F
0-1: Foul Ball, location: 2F
0-2: Foul Ball, location: 2F
0-2: Strikes out swinging
Batting: RHB Joe Cook 0-0: Swinging Strike
0-1: Foul Ball, location: 2F
0-2: SINGLE (Flyball, 3D, EV 94.4 MPH)
Batting: RHB Chris Miller 0-0: Ball
1-0: Ball
2-0: Fly out, F6 (Flyball, 6MD, EV 83.8 MPH)
Top of the 2nd over - 0 runs, 1 hit, 0 errors, 1 left on base; Tri-City 0 - Spokane 0
BOTTOM OF THE 2ND
Spokane Indians batting - Pitching for Tri-City ValleyCats : RHP Jaquan Alston
Batting: LHB Antonio Domingues 0-0: Ball
1-0: Ball
2-0: Ball
3-0: Base on Balls
Batting: RHB Gavin Fimple 0-0: Ball
Antonio Domingues steals 2nd base
1-0: Ball
2-0: Ball
3-0: Called Strike
3-1: Swinging Strike
3-2: Base on Balls
Batting: RHB Shoh Tanioka 0-0: Fly out, F8 (Flyball, 78M, EV 87.5 MPH)
Batting: RHB Dennis Daniels 0-0: Called Strike
Antonio Domingues steals 3rd base
0-1: Ball
1-1: Swinging Strike
1-2: Foul Ball, location: 2F
1-2: Ground out 6-3 (Groundball, 6M, EV 101.2 MPH)
Antonio Domingues scores
Gavin Fimple to second
Batting: RHB Rafael Medina 0-0: Called Strike
0-1: Ball
1-1: Ball
2-1: Ground out 5-3 (Groundball, 56, EV 101.9 MPH)
Bottom of the 2nd over - 1 run, 0 hits, 0 errors, 1 left on base; Tri-City 0 - Spokane 1
TOP OF THE 3RD
Tri-City ValleyCats batting - Pitching for Spokane Indians : RHP Bill Tindall
Batting: RHB Jason Monico 0-0: Ground out 6-3 (Groundball, 56, EV 83.1 MPH)
Batting: RHB Chris McGrath 0-0: Called Strike
0-1: Swinging Strike
0-2: Ball
1-2: Ball
2-2: Foul Ball, location: 2F
2-2: Foul Ball, location: 2F
2-2: Strikes out swinging
Batting: LHB Josh Birkner 0-0: Fly out, F6 (Popup, 4MD, EV 60.0 MPH)
Top of the 3rd over - 0 runs, 0 hits, 0 errors, 0 left on base; Tri-City 0 - Spokane 1
BOTTOM OF THE 3RD
Spokane Indians batting - Pitching for Tri-City ValleyCats : RHP Jaquan Alston
Batting: LHB Jose Baez 0-0: Foul Ball, location: 2F
0-1: Ball
1-1: Fly out, F6 (Popup, 6, EV 71.2 MPH)
Batting: LHB Alfonso Collazo 0-0: SOLO HOME RUN (Flyball, 9D, EV 99.4 MPH), Distance : 374 ft
Batting: SHB Kaname Fujimoto 0-0: Ball
1-0: Called Strike
1-1: Foul Ball, location: 2F
1-2: Foul Ball, location: 2F
1-2: Ball
2-2: Fly out, F8 (Line Drive, 8LD, EV 102.5 MPH)
Batting: RHB Dale Aubrey 0-0: Ball
1-0: Swinging Strike
1-1: Foul Ball, location: 2F
1-2: Ball
2-2: Strikes out looking
Bottom of the 3rd over - 1 run, 1 hit, 0 errors, 0 left on base; Tri-City 0 - Spokane 2
TOP OF THE 4TH
Tri-City ValleyCats batting - Pitching for Spokane Indians : RHP Bill Tindall
Batting: LHB Mark Dearth 0-0: Called Strike
0-1: Ground out 5-3 (Groundball, 5S, EV 71.2 MPH)
Batting: RHB Sam Spohn 0-0: Ball
1-0: Swinging Strike
1-1: Ball
2-1: Ball
3-1: Foul Ball, location: 2F
3-2: Strikes out looking
Batting: RHB Bobby Dunn 0-0: Ball
1-0: SINGLE (Line Drive, 78M, EV 105.0 MPH)
Batting: RHB Ryan Salas 0-0: Called Strike
0-1: Foul Ball, location: 2F
0-2: Foul Ball, location: 2F
0-2: Ball
1-2: Ball
2-2: Fielders Choice at 2nd, 6-4 (Groundball, 6, EV 82.5 MPH)
Top of the 4th over - 0 runs, 1 hit, 0 errors, 1 left on base; Tri-City 0 - Spokane 2
BOTTOM OF THE 4TH
Spokane Indians batting - Pitching for Tri-City ValleyCats : RHP Jaquan Alston
Batting: LHB Antonio Domingues 0-0: Ball
1-0: Ball
2-0: Foul Ball, location: 2F
2-1: Ball
3-1: Base on Balls
Batting: RHB Gavin Fimple 0-0: Called Strike
0-1: Foul Ball, location: 2F
0-2: Strikes out swinging
Batting: RHB Shoh Tanioka 0-0: Ball
1-0: Ball
2-0: Ball
3-0: Base on Balls
Antonio Domingues to second
Batting: RHB Dennis Daniels 0-0: Foul Ball, location: 2F
0-1: Ball
1-1: Ball
2-1: Ball
3-1: Called Strike
3-2: Foul Ball, location: 2F
3-2: Foul Ball, location: 2F
3-2: Base on Balls
Antonio Domingues to third
Shoh Tanioka to second
Pitching: RHP Jamie Jennings
Pinch Hitting: LHB William Hanley Balk!
Antonio Domingues scores
Shoh Tanioka to third
Dennis Daniels to second
0-0: Ball
1-0: Ball
2-0: Ball
3-0: Base on Balls
Batting: LHB Jose Baez 0-0: Foul Ball, location: 2F
Balk!
Shoh Tanioka scores
Dennis Daniels to third
William Hanley to second
0-1: Ball
1-1: Called Strike
1-2: Ball
2-2: Ball
3-2: Base on Balls
Batting: LHB Alfonso Collazo 0-0: Ball
1-0: Called Strike
1-1: GRAND SLAM HOME RUN (Flyball, 9D, EV 99.4 MPH), Distance : 368 ft
Batting: SHB Kaname Fujimoto 0-0: Foul Ball, location: 2F
0-1: Foul Ball, location: 2F
0-2: Ground out 4-3 (Groundball, 4, EV 89.4 MPH)
Batting: RHB Dale Aubrey 0-0: Fly out, F7 (Flyball, 7S, EV 88.1 MPH)
Bottom of the 4th over - 6 runs, 1 hit, 0 errors, 0 left on base; Tri-City 0 - Spokane 8
TOP OF THE 5TH
Tri-City ValleyCats batting - Pitching for Spokane Indians : RHP Bill Tindall
Now at 2B: Dennis Daniels
Now at SS: Korekiyo Watanabe
Batting: RHB Joe Cook 0-0: Ball
1-0: Ball
2-0: Ground out 6-3 (Groundball, 6, EV 76.9 MPH)
Batting: RHB Chris Miller 0-0: Ball
1-0: Foul Ball, location: 2F
1-1: Foul Ball, location: 2F
1-2: Foul Ball, location: 2F
1-2: SINGLE (Groundball, 6MD, EV 107.5 MPH)
Batting: RHB Jason Monico 0-0: Ball
Wild Pitch!
Chris Miller to second
1-0: Called Strike
1-1: Foul Ball, location: 2F
1-2: Strikes out swinging
Batting: RHB Chris McGrath 0-0: Called Strike
0-1: Called Strike
0-2: TRIPLE (Line Drive, 78XD, EV 105.0 MPH)
Chris Miller scores
Batting: LHB Josh Birkner 0-0: Called Strike
0-1: Fly out, F8 (Line Drive, 8RD, EV 95.6 MPH)
Top of the 5th over - 1 run, 2 hits, 0 errors, 1 left on base; Tri-City 1 - Spokane 8
BOTTOM OF THE 5TH
Spokane Indians batting - Pitching for Tri-City ValleyCats : RHP Jamie Jennings
Batting: LHB Antonio Domingues 0-0: Foul Ball, location: 2F
0-1: Ball
1-1: Ball
2-1: Ball
3-1: Base on Balls
Batting: RHB Gavin Fimple 0-0: Fly out, F7 (Flyball, 78S, EV 84.4 MPH)
Batting: RHB Shoh Tanioka 0-0: Ball
Antonio Domingues steals 2nd base
1-0: Ball
2-0: Foul Ball, location: 2F
2-1: Swinging Strike
2-2: Reached on error, E5 (Groundball, 5, EV 94.4 MPH)
Antonio Domingues to third
Batting: RHB Dennis Daniels 0-0: Ball
Shoh Tanioka steals 2nd base
1-0: Ball
2-0: Ball
3-0: Called Strike
3-1: Foul Ball, location: 2F
3-2: Fly out, F7 (Flyball, 7D, EV 86.2 MPH)
Runner from 3rd tags up, SCORES, no throw by LF
Batting: RHB Korekiyo Watanabe Balk!
Shoh Tanioka to third
0-0: Swinging Strike
0-1: DOUBLE (Line Drive, 89D, EV 101.2 MPH)
Shoh Tanioka scores
Batting: LHB Jose Baez 0-0: Ball
1-0: Foul Ball, location: 2F
1-1: Called Strike
1-2: Ball
2-2: Ball
3-2: Base on Balls
Batting: LHB Alfonso Collazo 0-0: Ball
1-0: Called Strike
1-1: Ball
2-1: Swinging Strike
Balk!
Korekiyo Watanabe to third
Jose Baez to second
2-2: Ball
3-2: Base on Balls
Batting: SHB Kaname Fujimoto 0-0: Called Strike
0-1: Ball
1-1: Called Strike
1-2: Ball
2-2: Foul Ball, location: 2F
2-2: Foul Ball, location: 2F
Balk!
Korekiyo Watanabe scores
Jose Baez to third
Alfonso Collazo to second
2-2: Foul Ball, location: 2F
2-2: Ball
3-2: Fly out, F7 (Flyball, 78S, EV 76.9 MPH)
Bottom of the 5th over - 3 runs, 1 hit, 1 error, 2 left on base; Tri-City 1 - Spokane 11
TOP OF THE 6TH
Tri-City ValleyCats batting - Pitching for Spokane Indians : RHP Bill Tindall
Batting: LHB Mark Dearth 0-0: Foul Ball, location: 2F
0-1: Foul Ball, location: 2F
0-2: Ball
1-2: Strikes out swinging
Batting: RHB Sam Spohn 0-0: Swinging Strike
0-1: Ball
1-1: Ball
2-1: Ball
3-1: Fly out, F7 (Flyball, 7LM, EV 96.2 MPH)
Batting: RHB Bobby Dunn 0-0: Ball
1-0: Ground out 5-3 (Groundball, 5, EV 87.5 MPH)
Top of the 6th over - 0 runs, 0 hits, 0 errors, 0 left on base; Tri-City 1 - Spokane 11
BOTTOM OF THE 6TH
Spokane Indians batting - Pitching for Tri-City ValleyCats : RHP Jamie Jennings
Pitching: RHP Masaru Konno
Batting: RHB Dale Aubrey 0-0: Foul Ball, location: 2F
0-1: SINGLE (Line Drive, 56D, EV 96.2 MPH)
Batting: LHB Antonio Domingues 0-0: Swinging Strike
0-1: Ball
1-1: Foul Ball, location: 2F
1-2: Fielders Choice at 2nd, 4-6 (Groundball, 4, EV 87.5 MPH)
Batting: RHB Gavin Fimple 0-0: Hit by Pitch
Antonio Domingues to second
Batting: RHB Shoh Tanioka 0-0: Ball
1-0: Fielders Choice at 2nd, 6-4 (Groundball, 6D, EV 82.5 MPH)
Antonio Domingues to third
Batting: RHB Dennis Daniels 0-0: Ball
1-0: Foul Ball, location: 2F
1-1: Ball
2-1: Ball
Wild Pitch!
Antonio Domingues scores
Shoh Tanioka to second
3-1: Foul Ball, location: 2F
3-2: Base on Balls
Batting: RHB Korekiyo Watanabe 0-0: Swinging Strike
0-1: Ball
1-1: Called Strike
1-2: Ground out 1-3 (Groundball, P, EV 64.4 MPH)
Bottom of the 6th over - 1 run, 1 hit, 0 errors, 2 left on base; Tri-City 1 - Spokane 12
TOP OF THE 7TH
Tri-City ValleyCats batting - Pitching for Spokane Indians : RHP Bill Tindall
Now at 2B: Knud Prins
Batting: RHB Ryan Salas 0-0: SINGLE (Line Drive, 34D, EV 105.0 MPH)
Batting: RHB Joe Cook 0-0: Called Strike
0-1: Foul Ball, location: 2F
0-2: Foul Ball, location: 2F
0-2: Foul Ball, location: 2F
0-2: Ball
1-2: Strikes out swinging
Batting: RHB Chris Miller 0-0: SINGLE (Groundball, 34D, EV 100.0 MPH)
Ryan Salas to second
Batting: RHB Jason Monico 0-0: Ball
1-0: Fielders Choice at 2nd, 6-4 (Groundball, 6, EV 85.6 MPH)
Ryan Salas to third
Pinch Hitting: RHB Jordan Williams 0-0: Called Strike
0-1: Ball
1-1: Ball
2-1: Ball
3-1: Base on Balls
Jason Monico to second
Batting: LHB Josh Birkner 0-0: Ball
1-0: Called Strike
1-1: Ball
2-1: Foul Ball, location: 2F
2-2: Ball
3-2: Foul Ball, location: 2F
3-2: Strikes out swinging
Top of the 7th over - 0 runs, 2 hits, 0 errors, 3 left on base; Tri-City 1 - Spokane 12
BOTTOM OF THE 7TH
Spokane Indians batting - Pitching for Tri-City ValleyCats : RHP Masaru Konno
Pitching: RHP Jorge Gutierrez
Now in CF: Jordan Williams
Batting: LHB Jose Baez 0-0: SINGLE (Groundball, 4MD, EV 104.4 MPH)
Batting: LHB Alfonso Collazo 0-0: Ball
1-0: Foul Ball, location: 2F
1-1: Called Strike
1-2: Foul Ball, location: 2F
1-2: Strikes out looking
Pinch Hitting: LHB Justin Covington 0-0: Called Strike
0-1: Ball
Balk!
Jose Baez to second
1-1: Ball
Wild Pitch!
Jose Baez to third
2-1: Ball
3-1: Base on Balls
Batting: RHB Dale Aubrey 0-0: 3-RUN HOME RUN (Flyball, 7LD, EV 91.9 MPH), Distance : 332 ft
Batting: LHB Antonio Domingues 0-0: Called Strike
0-1: Ball
1-1: Foul Ball, location: 2F
1-2: Ball
2-2: Ball
3-2: Base on Balls
Pitching: RHP Salvador Gomez
Pinch Hitting: LHB Rich Atterberry 0-0: Ball
1-0: Ball
2-0: Ball
Balk!
Antonio Domingues to second
3-0: Base on Balls
Pinch Hitting: RHB Francisco Trejo 0-0: Ball
Passed Ball!
Antonio Domingues to third
Rich Atterberry to second
1-0: Called Strike
1-1: Ball
2-1: Ball
3-1: Base on Balls
Batting: RHB Knud Prins 0-0: Called Strike
0-1: Ball
1-1: Ball
2-1: Ball
3-1: Hit by Pitch
Antonio Domingues scores
Rich Atterberry to third
Francisco Trejo to second
Batting: RHB Korekiyo Watanabe 0-0: Ball
1-0: Called Strike
1-1: Ball
2-1: Ball
3-1: Base on Balls
Rich Atterberry scores
Francisco Trejo to third
Knud Prins to second
Pitching: RHP Jon Davis
Batting: LHB Jose Baez 0-0: Ball
1-0: Ball
2-0: Swinging Strike
2-1: Ball
3-1: Base on Balls
Francisco Trejo scores
Knud Prins to third
Korekiyo Watanabe to second
Batting: LHB Alfonso Collazo 0-0: Called Strike
0-1: Swinging Strike
0-2: Reached via error on a dropped throw from 2B, E6 (Groundball, 34D, EV 91.9 MPH)
Knud Prins scores
Korekiyo Watanabe to third
Jose Baez to second
Batting: LHB Justin Covington 0-0: Fly out, F8 (Flyball, 8LS, EV 90.6 MPH)
Batting: RHB Dale Aubrey 0-0: Called Strike
0-1: Ball
1-1: Called Strike
1-2: Strikes out swinging
Bottom of the 7th over - 7 runs, 2 hits, 1 error, 3 left on base; Tri-City 1 - Spokane 19
TOP OF THE 8TH
Tri-City ValleyCats batting - Pitching for Spokane Indians : RHP Bill Tindall
Pitching: RHP Jason Barlow
Now at C: Rich Atterberry
Now at 3B: Francisco Trejo
Now in LF: Justin Covington
Batting: LHB Mark Dearth 0-0: Ball
1-0: Ball
2-0: Ball
3-0: Called Strike
3-1: Foul Ball, location: 2F
3-2: Base on Balls
Batting: RHB Sam Spohn 0-0: Ball
1-0: Swinging Strike
1-1: Called Strike
1-2: Strikes out swinging
Batting: RHB Bobby Dunn 0-0: Foul Ball, location: 2F
0-1: Ball
1-1: Foul Ball, location: 2F
1-2: Ball
2-2: Ball
3-2: Strikes out swinging
Batting: RHB Ryan Salas 0-0: Called Strike
0-1: Foul Ball, location: 2F
0-2: Strikes out swinging
Top of the 8th over - 0 runs, 0 hits, 0 errors, 1 left on base; Tri-City 1 - Spokane 19
BOTTOM OF THE 8TH
Spokane Indians batting - Pitching for Tri-City ValleyCats : RHP Jon Davis
Batting: LHB Antonio Domingues 0-0: Ball
1-0: Called Strike
1-1: Ball
2-1: Ball
3-1: Base on Balls
Pitching: LHP T.J. Westover
Pinch Hitting: RHB Steve Haskins 0-0: Foul Ball, location: 2F
0-1: Fielders Choice at 2nd, 3-6 (Groundball, 34S, EV 84.4 MPH)
Batting: RHB Francisco Trejo 0-0: Called Strike
0-1: Ball
1-1: Ball
2-1: Ball
3-1: Base on Balls
Steve Haskins to second
Batting: RHB Knud Prins 0-0: Ball
1-0: Foul Ball, location: 2F
1-1: Foul Ball, location: 2F
1-2: Foul Ball, location: 2F
1-2: Fielders Choice at 2nd, 5-4 (Groundball, 56S, EV 83.8 MPH)
Steve Haskins to third
Batting: RHB Korekiyo Watanabe 0-0: Ball
1-0: Ball
2-0: Ball
3-0: Base on Balls
Knud Prins to second
Batting: LHB Jose Baez 0-0: Called Strike
0-1: Swinging Strike
0-2: Strikes out swinging
Bottom of the 8th over - 0 runs, 0 hits, 0 errors, 3 left on base; Tri-City 1 - Spokane 19
TOP OF THE 9TH
Tri-City ValleyCats batting - Pitching for Spokane Indians : RHP Jason Barlow
Now at C: Steve Haskins
Batting: RHB Joe Cook 0-0: Foul Ball, location: 2F
0-1: Ball
1-1: Ball
2-1: Called Strike
2-2: Ball
3-2: Foul Ball, location: 2F
3-2: Strikes out swinging
Batting: RHB Chris Miller 0-0: Ground out 4-3 (Groundball, 4MS, EV 83.8 MPH)
Batting: RHB Jason Monico 0-0: Ball
1-0: Ground out 5-3 (Groundball, 5, EV 87.5 MPH)
Top of the 9th over - 0 runs, 0 hits, 0 errors, 0 left on base; Tri-City 1 - Spokane 19
Wednesday, June 22nd , 2022 - OOTP Baseball 23.4 Build 64